 Dungeon Crawl Stone Soup version 0.30.1 (webtiles) character file.

Game seed: 17499317041750497822

65701 AgateBread the Reanimator (level 15, -4/89 (92) HPs)
             Began as a Tengu Air Elementalist on July 2, 2023.
             Was an Elder of Jiyva.
             Blown up by an orb spider (69 damage)
             ... with an orb of destruction
             ... on level 1 of the Spider Nest on July 3, 2023.
             The game lasted 03:14:12 (25421 turns).

AgateBread the Reanimator (Tengu Air Elementalist) Turns: 25421, Time: 03:14:13

HP:   -4/89 (92)    AC: 14    Str:  7    XL:     15   Next: 17%
MP:   35/39         EV: 15    Int: 34    God:    Jiyva [****..]
Gold: 1841          SH: 13    Dex: 16    Spells: 9/34 levels left

rFire   . . .        Z - +0 scimitar of Indomitability {spect, Int+5 Stlth+}
rCold   + + +        (no shield)
rNeg    . . .        L - +4 steam dragon scales
rPois   +            (helmet restricted)
rElec   +            h - +0 cloak of Somewhere Else {rElec rF- Int+3}
rCorr   +            (no gloves)
SInv    .            (boots unavailable)
Will    ++++.        A - amulet "Iwyigeky" {Reflect Rampage rC++ MP+9 Str-5 SH+5}
Stlth   +++          C - +6 ring of intelligence
HPRegen 1.62/turn    w - ring of protection from fire
MPRegen 0.66/turn

%: reflection, clarity, rampage
@: death channelling, calling ooze, flying quickly and evasively, lightly
drained, quick
A: beak, talons 3, nimble flight, claws 1, iridescent scales 2, large bone
plates 3, clarity, cold resistance 3, strong-willed 3, sense surroundings 3,
poison resistance, strong 1, eyeballs 2, jelly sensing items, MP-powered wands
a: Renounce Religion, Oozemancy, Slimify


You were on level 1 of the Spider Nest.
You worshipped Jiyva.
Jiyva was greatly pleased with you.
You visited 4 branches of the dungeon, and saw 24 of its levels.
You also visited: Sewer, Bailey and Ice Cave.

You collected 1922 gold pieces.
You spent 81 gold pieces at shops.

Inventory:

Hand Weapons
 b - a +0 longbow
 e - a +0 short sword of electrocution
 F - a +0 long sword
 G - a +4 scimitar of flaming
 H - the +4 spear of Success {flame, rN++ Will+}
   (You found it on level 2 of the Lair of Beasts)

   rN:        It greatly protects you from negative energy.
   Will:      It increases your willpower.
 I - a +0 bardiche
 M - a +1 heavy halberd
 N - a +0 arbalest
 R - a +1 scimitar
 S - a +2 long sword of venom
 Z - the +0 scimitar of Indomitability (weapon) {spect, Int+5 Stlth+}
   (You found it on level 4 of the Lair of Beasts)

   Int:       It affects your intelligence (+5).
   Stlth:     It makes you more stealthy.
Missiles
 P - a throwing net
Armour
 h - the +0 cloak of Somewhere Else (worn) {rElec rF- Int+3}
   (You found it in a bailey)

   Int:       It affects your intelligence (+3).
   rF:        It makes you vulnerable to fire.
   rElec:     It insulates you from electricity.
 y - a +0 tower shield of cold resistance
 L - +4 steam dragon scales (worn)
 X - +0 swamp dragon scales
Magical Staves
 s - a staff of cold
Jewellery
 g - a +4 ring of protection
 m - the ring of Senue {Int+3 Dex+3 SInv}
   (You found it in an ice cave)

   [ring of see invisible]

   Int:       It affects your intelligence (+3).
   Dex:       It affects your dexterity (+3).
   SInv:      It lets you see invisible.
 t - the amulet "Wewoid" {RegenMP Rampage rF+ Dex-3}
   (You found it in an ice cave)

   [amulet of magic regeneration]

   It increases your rate of magic regeneration.
   Dex:       It affects your dexterity (-3).
   rF:        It protects you from fire.
   Rampage:   It bestows one free step when moving towards enemies.
 w - a ring of protection from fire (right claw)
 A - the amulet "Iwyigeky" (around neck) {Reflect Rampage rC++ MP+9 Str-5 SH+5}
   (You took it off a goblin on level 4 of the Dungeon)

   [amulet of reflection]

   It reflects blocked missile attacks.
   Str:       It affects your strength (-5).
   rC:        It greatly protects you from cold.
   MP:        It affects your magic capacity (+9).
   SH:        It affects your SH (+5).
   Rampage:   It bestows one free step when moving towards enemies.
 C - a +6 ring of intelligence (left claw)
 O - a +6 ring of strength
 Y - a ring of positive energy
Wands
 f - a wand of polymorph (6)
 B - a wand of quicksilver (1)
 J - a wand of roots (16)
Scrolls
 i - a scroll of vulnerability
 k - 6 scrolls of teleportation
 p - a scroll of fog
 r - 5 scrolls of poison
 v - 2 scrolls of butterflies
 W - a scroll of magic mapping
Potions
 a - 2 potions of lignification
 c - 5 potions of mutation
 d - 7 potions of curing
 j - 7 potions of haste
 n - 2 potions of heal wounds
 q - 2 potions of might
 x - 3 potions of ambrosia
 z - 7 potions of brilliance
 K - 4 potions of attraction
 U - a potion of berserk rage {unknown}
 V - a potion of cancellation {unknown}
Miscellaneous
 l - a tin of tremorstones (inert) (quivered)
 o - a lightning rod (3/4)
 D - a phial of floods


   Skills:
 - Level 10.1 Fighting
 + Level 6.7 Long Blades
 - Level 2.1 Dodging
 - Level 2.0 Stealth
 - Level 10.0 Spellcasting
 - Level 1.3 Conjurations
 - Level 12.0 Necromancy
 - Level 7.0 Translocations
 - Level 6.4 Ice Magic
 - Level 10.0 Air Magic
 + Level 10.1 Invocations
 - Level 8.0 Evocations


You had 9 spell levels left.
You knew the following spells:

 Your Spells              Type           Power      Damage    Failure   Level
a - Poisonous Vapours     Pois/Air       100%       N/A       1%          2
b - Airstrike             Air            35%        2d(6-22)  1%          4
c - Blink                 Tloc           100%       N/A       1%          2
d - Ozocubu's Refrigerat  Ice            28%        4d13      85%         7
e - Death Channel         Necr           39%        N/A       3%          6
f - Dispel Undead         Necr           78%        3d26      1%          4

Your spell library contained the following spells:

 Spells                   Type           Power      Damage    Failure   Level
 Shock                    Conj/Air       100%       1d9       1%          1
 Cigotuvi's Dreadful Rot  Necr/Pois/Air  100%       N/A       1%          2
 Ensorcelled Hibernation  Hex/Ice        76%        N/A       1%          2
 Lesser Beckoning         Tloc           100%       N/A       1%          2
 Momentum Strike          Conj/Tloc      90%        3d10      1%          2
 Static Discharge         Conj/Air       100%       2-7/arc   1%          2
 Mephitic Cloud           Conj/Pois/Air  42%        N/A       1%          3
 Ozocubu's Armour         Ice            57%        N/A       1%          3
 Portal Projectile        Hex/Tloc       82%        N/A       1%          3
 Swiftness                Air            71%        N/A       1%          3
 Vhi's Electric Charge    Tloc/Air       100%       N/A       1%          3
 Summon Small Mammal      Summ           68%        N/A       2%          1
 Anguish                  Hex/Necr       27%        N/A       2%          4
 Call Canine Familiar     Summ           17%        N/A       8%          3
 Spider Form              Tmut/Pois      17%        N/A       8%          3
 Summon Guardian Golem    Hex/Summ       17%        N/A       8%          3
 Tukima's Dance           Hex            17%        N/A       8%          3
 Metabolic Englaciation   Hex/Ice        19%        N/A       21%         5
 Leda's Liquefaction      Hex/Erth       8%         N/A       26%         4
 Petrify                  Tmut/Erth      17%        N/A       26%         4
 Blade Hands              Tmut           8%         N/A       58%         5
 Statue Form              Tmut/Erth      11%        N/A       99%         6


Dungeon Overview and Level Annotations

Branches:
Dungeon (13/15)            Temple (0/1) D:6            Lair (5/5) D:8
 Shoals (0/4) Lair:3       Spider (1/4) Lair:2        Slime (5/5) Lair:4
    Orc (0/2) D:11         Vaults (0/5) D:13          Sewer (visited)
 Bailey (visited)           IceCv (visited)

Altars:
Ashenzari
Makhleb
Qazlal
The Shining One
Jiyva

Shops:
D:9 *

Portals:
Hell: Lair:5

Annotations:
Slime:5 Dissolution, Royal Jelly


Innate Abilities, Weirdness & Mutations

You have a beak for a mouth.
You have claws for feet.
Your magical nature lets you fly swiftly and evasively.
You have sharp fingernails.
You are mostly covered in iridescent scales. (AC +4)
You are completely covered in large bone plates. (SH +8)
You possess an exceptional clarity of mind.
Your flesh is almost immune to the effects of cold. (rC+++)
You are extremely strong-willed. (Will+++)
You passively map a large area around you.
Your system is resistant to poisons. (rPois)
Your muscles are strong. (Str +4, Int/Dex -1)
Your body has grown many eyes which may confuse attackers. (Acc +5)
You have a small jelly attached to you that senses nearby items.
You expend magic power (3 MP) to strengthen your wands.


Message History

The demonic crawler hits you but does no damage.
The orb spider begins to weave its threads into a brightly glowing ball.
A steelbarb worm comes into view.
The walls burn the spectral wolf spider!
The spectral wolf spider hits you but does no damage.
You block the spectral wolf spider's attack.
The walls burn the spectral culicivora!
The spectral culicivora barely misses you.
The walls burn the demonic crawler!
You block the demonic crawler's attack. The demonic crawler closely misses you.
The demonic crawler completely misses you.
You feel much better.
Your +0 scimitar of Indomitability {spect, Int+5 Stlth+} disappears.
The walls burn the spectral culicivora!
You block the spectral culicivora's attack.
The walls burn the spectral wolf spider!
You destroy the spectral wolf spider!
The walls burn the demonic crawler!
You block the demonic crawler's attack.
The demonic crawler hits you but does no damage.
You block the demonic crawler's attack.
The walls burn the spectral culicivora!
You destroy the spectral culicivora!
Non-targeted evoke: tin of tremorstones (1/2)
Press: ? - help, Q - select action, (/) - cycle Dir - look around, f - activate The tremorstone explodes into fragments!
The burst of rock shards engulfs the demonic crawler.
The burst of rock shards engulfs you.
The burst of rock shards engulfs the steelbarb worm!
The burst of rock shards engulfs the demonic crawler!
The burst of rock shards engulfs you but does no damage.
The tin is emptied!
The wall burns the steelbarb worm!
The walls burn the demonic crawler!
You block the demonic crawler's attack. The demonic crawler hits you.
The demonic crawler barely misses you.
The wall burns the orb spider!
The orb spider weaves a glowing orb of energy.
The wall burns the steelbarb worm!
An orb of destruction comes into view.
The walls burn the demonic crawler!
The orb of destruction hits you!!!
Ouch! That really hurt!
You die...

* , ..## #### ## ,
.....##### ######..# .# ,
.......@.# #.......^ .#
..†....○s# ###>...... .#
, , .....s○†.##
##......... ##
,......###.####..#.....>.
# ,,....^#*
#.w##.###....... # *
....# ##.^.## #....... ##
...# ##..### #....... .##
,..# ###^....# #.......
..## * *
#.......###^......


You could see a steelbarb worm, a demonic crawler and an orb spider.

Vanquished Creatures
  Nessos (Lair:5)
  The ghost of croobank the Thaumaturge, a journeyman DgDe (Lair:3)
  An ice dragon (IceCv)
  6 hydras
  A catoblepas (D:13)
  Erica (Lair:1)
  2 boulder beetles
  2 centaur warriors (D:13)
  5 two-headed ogres
  An alligator (Lair:3)
  A goliath frog (Lair:3)
  A sixfirhy (Lair:5)
  2 skysharks
  A deep troll (D:10)
  A swamp dragon (Lair:3)
  A deep elf pyromancer (D:13)
  A lindwurm (Lair:5)
  2 ugly things
  3 wolf spiders
  A cyclops (D:12)
  A manticore (D:13)
  16 elephants
  2 moths of wrath (Spider:1)
  A black mamba (Lair:5)
  2 merfolk sirens (Lair:3)
  A smoke demon (Lair:5)
  2 ice statues (IceCv)
  18 cane toads
  A gargoyle (D:12)
  3 kobold demonologists
  Maggie (D:6)
  An unseen horror (D:13)
  2 orange demons (Lair:5)
  9 komodo dragons
  An ice devil (Lair:5)
  8 rime drakes
  Psyche (D:8)
  2 merfolk (Lair:3)
  2 red devils (Lair:5)
  A tyrant leech (Lair:3)
  2 trolls (D:11)
  2 polar bears
  9 blink frogs (Lair:2)
  3 tarantellas (Spider:1)
  A dream sheep (shapeshifter) (D:13)
  3 jumping spiders (Spider:1)
  3 culicivoras
  3 wyverns
  A vampire (Bailey)
  2 wraiths
  3 basilisks
  40 yaks
  5 redbacks
  2 steam dragons (Lair:3)
  3 swamp worms (Lair:3)
  An acid dragon (D:12)
  5 water moccasins
  Duvessa (D:6)
  3 swamp drakes (Lair:3)
  5 hell hounds (Lair:5)
  A sky beast (D:8)
  2 orc warriors
  4 black bears
  3 ogres
  7 centaurs
  23 wolves
  2 phantoms
  4 kobold brigands
  10 bullfrogs
  A gnoll sergeant (D:9)
  A cane toad simulacrum (Lair:1)
  3 scorpions
  8 wights
  Dowan (D:6)
  3 lindwurm simulacra (IceCv)
  7 killer bees
  9 vampire bats (Bailey)
  7 electric eels
  3 howler monkeys
  6 wolf zombies (Bailey)
  7 komodo dragon simulacra (IceCv)
  3 jellies (Sewer)
  4 orc priests
  A sleepcap (D:6)
  A hound (D:7)
  Crazy Yiuf (D:5)
  4 iguanas
  6 orc wizards
  A polar bear simulacrum (Lair:1)
  A wolf simulacrum (Lair:1)
  6 acid dragon simulacra (IceCv)
  9 adders
  4 gnolls
  15 orc zombies (Bailey)
  3 river rats
  2 shadow imps
  5 steam dragon simulacra (IceCv)
  3 worms (D:4)
  4 dart slugs
  31 orcs
  8 ball pythons
  18 endoplasms
  5 giant cockroaches
  10 goblins
  7 hobgoblins
  2 jackals (D:3)
  11 kobolds
  3 quokkas
  3 bats
  17 frilled lizards
  10 rats
517 creatures vanquished.

Vanquished Creatures (collateral kills)
  A boulder beetle (Spider:1)
  2 wolf spiders (Spider:1)
  2 elephants (Lair:5)
  A torpor snail (Spider:1)
  2 culicivoras (Spider:1)
  4 redbacks (Spider:1)
  A water moccasin (Lair:5)
  A bullfrog (Lair:4)
14 creatures vanquished.

Vanquished Creatures (others)
  A boulder beetle (D:11)
  A wizard (Lair:5)
  A gargoyle (Bailey)
  A rime drake (IceCv)
  A komodo dragon (D:12)
  3 slime creatures
  2 water moccasins
  An orc warrior (D:9)
  A centaur (D:9)
  An ogre (D:5)
  2 wolves
  A kobold brigand (D:10)
  2 bullfrogs (Lair:3)
  4 wights (D:7)
  A howler monkey (D:5)
  68 jellies
  An iguana (D:5)
  A gnoll (D:9)
  4 orcs
  5 kobolds
  5 orc zombies (Bailey)
  A spectral weapon (Spider:1)
108 creatures vanquished.

Grand Total: 639 creatures vanquished

Notes
Turn   | Place    | Note
-------+----------+-------------------------------------------
     0 | D:1      | AgateBread the Tengu Air Elementalist began the quest for
                  | the Orb.
     0 | D:1      | Reached XP level 1. HP: 10/10 MP: 4/4
   446 | D:1      | Reached XP level 2. HP: 15/15 MP: 1/6
   626 | D:1      | Reached skill level 5 in Air Magic
   841 | D:1      | Reached XP level 3. HP: 19/19 MP: 3/7
  2463 | D:2      | Reached XP level 4. HP: 24/24 MP: 6/8
  2469 | D:2      | Learned a level 4 spell: Airstrike
  2966 | D:2      | Identified the +0 leather armour of Incorporation {Str+3}
  3477 | D:3      | Found a faded altar of an unknown god.
  4078 | D:3      | Gained mutation: Your magical nature lets you fly swiftly
                  | and evasively. [Tengu growth]
  4078 | D:3      | Reached XP level 5. HP: 26/28 MP: 6/9
  5307 | D:4      | Learned a level 2 spell: Blink
  5355 | D:4      | Identified the amulet "Iwyigeky" {Reflect Rampage rC++ MP+9
                  | Str-5 SH+5}
  5648 | D:4      | Reached XP level 6. HP: 32/32 MP: 10/10
  6762 | D:5      | Entered Level 5 of the Dungeon
  6793 | D:5      | Found a glowing drain.
  6873 | Sewer    | Entered a sewer
  7513 | Sewer    | Found a viscous altar of Jiyva.
  7523 | Sewer    | Reached skill level 10 in Air Magic
  7537 | Sewer    | Reached XP level 7. HP: 37/37 MP: 9/11
  7617 | Sewer    | Became a worshipper of Jiyva Jerubu the Shapeless
  7746 | D:5      | Reached skill level 1 in Fighting
  8717 | D:5      | Reached * piety under Jiyva
  8730 | D:5      | Found a runed translucent door.
  8730 | D:5      | Noticed Crazy Yiuf
  8742 | D:5      | Killed Crazy Yiuf
  8743 | D:5      | Reached XP level 8. HP: 38/46 MP: 7/14
  8847 | D:6      | Found a broken altar of Ashenzari.
  8897 | D:6      | Noticed Maggie
  8901 | D:6      | Killed Maggie
  8970 | D:6      | Reached skill level 5 in Spellcasting
  9042 | D:6      | Found a staircase to the Ecumenical Temple.
  9077 | D:6      | Reached skill level 5 in Fighting
  9164 | D:6      | Noticed Duvessa
  9164 | D:6      | Noticed Dowan
  9170 | D:6      | Killed Duvessa
  9179 | D:6      | Killed Dowan
  9281 | D:6      | Reached XP level 9. HP: 55/55 MP: 18/18
 10120 | D:7      | Reached ** piety under Jiyva
 11200 | D:8      | Found a flagged portal.
 11211 | Bailey   | Entered a bailey
 11486 | Bailey   | Noticed a gargoyle
 11508 | Bailey   | Killed a gargoyle
 11555 | Bailey   | Reached XP level 10. HP: 65/65 MP: 23/23
 11566 | Bailey   | Identified the +0 ring mail of the Enchanted Forest {Drain
                  | rCorr Dex+4 SInv}
 11568 | Bailey   | Identified the +0 cloak of Somewhere Else {rElec rF- Int+3}
 11664 | Bailey   | Got the Incunabulum of the Nimbus
 11821 | Bailey   | Learned a level 2 spell: Poisonous Vapours
 11910 | D:8      | Noticed Psyche
 11922 | D:8      | Killed Psyche
 11923 | D:8      | Reached skill level 1 in Translocations
 11923 | D:8      | Reached skill level 1 in Evocations
 11939 | D:8      | Reached *** piety under Jiyva
 11945 | D:8      | Found a burning altar of Makhleb.
 12019 | D:8      | Gained mutation: Your muscles are strong. (Str +4, Int/Dex
                  | -1) [Jiyva's grace]
 12019 | D:8      | Gained mutation: Your muscles are very strong. (Str +8,
                  | Int/Dex -2) [Jiyva's grace]
 12019 | D:8      | Gained mutation: Your body has grown eyes which may confuse
                  | attackers. (Acc +3) [Jiyva's grace]
 12019 | D:8      | Gained mutation: Your body has grown many eyes which may
                  | confuse attackers. (Acc +5) [Jiyva's grace]
 12192 | D:8      | Noticed a two-headed ogre
 12227 | D:8      | Killed a two-headed ogre
 12248 | D:8      | Found a staircase to the Lair.
 12760 | D:8      | Found a transporter.
 12760 | D:8      | Found a transporter.
 12761 | D:8      | Noticed a boulder beetle
 12988 | D:8      | Killed a boulder beetle
 13167 | D:9      | Found Ahauroops's Assorted Antiques.
 13872 | D:9      | Reached XP level 11. HP: 72/72 MP: 24/24
 13995 | D:9      | Reached **** piety under Jiyva
 14008 | D:9      | Bought a scroll labelled COENLU XAELUZE for 27 gold pieces
 14008 | D:9      | Bought a scroll of identify for 54 gold pieces
 14091 | D:10     | Entered Level 10 of the Dungeon
 14124 | D:10     | Found a stormy altar of Qazlal.
 14229 | D:10     | Reached skill level 10 in Fighting
 14235 | D:10     | Reached skill level 5 in Evocations
 14281 | D:10     | Noticed a two-headed ogre
 14291 | D:10     | Reached skill level 1 in Invocations
 14291 | D:10     | Killed a two-headed ogre
 14408 | D:10     | Noticed a deep troll
 14409 | D:10     | Identified the staff of earth "Rauro Naen" {*Corrode Fly
                  | rF+++ rN++}
 14418 | D:10     | Noticed a two-headed ogre
 14430 | D:10     | Killed a deep troll
 14431 | D:10     | Reached skill level 5 in Translocations
 14471 | D:10     | Killed a two-headed ogre
 14646 | D:10     | Lost mutation: Your muscles are very strong. (Str +8,
                  | Int/Dex -2) [Jiyva's grace]
 14646 | D:10     | Gained mutation: You are partially covered in large bone
                  | plates. (SH +4) [Jiyva's grace]
 14646 | D:10     | Gained mutation: You are mostly covered in large bone
                  | plates. (SH +6) [Jiyva's grace]
 14646 | D:10     | Gained mutation: You are completely covered in large bone
                  | plates. (SH +8) [Jiyva's grace]
 14646 | D:10     | Gained mutation: You are partially covered in iridescent
                  | scales. (AC +2) [Jiyva's grace]
 15333 | D:11     | Found a staircase to the Orcish Mines.
 15435 | D:11     | Reached XP level 12. HP: 77/77 MP: 23/25
 15557 | D:11     | Reached skill level 5 in Invocations
 15572 | D:11     | Noticed a boulder beetle
 15588 | D:11     | Killed a boulder beetle
 15773 | D:11     | You are sucked into a shaft and drop 2 floors!
 15804 | D:13     | Noticed a two-headed ogre
 15814 | D:13     | Killed a two-headed ogre
 15825 | D:13     | Learned a level 7 spell: Ozocubu's Refrigeration
 15832 | D:13     | Learned a level 6 spell: Statue Form
 15897 | D:13     | Found a glowing golden altar of the Shining One.
 15975 | D:13     | Reached skill level 1 in Ice Magic
 16007 | D:13     | Noticed a catoblepas
 16027 | D:13     | Killed a catoblepas
 16044 | D:13     | Noticed a centaur warrior
 16049 | D:13     | Killed a centaur warrior
 16108 | D:13     | Noticed a centaur warrior
 16112 | D:13     | Killed a centaur warrior
 16662 | D:12     | Gained mutation: You are strong-willed. (Will+) [Jiyva's
                  | grace]
 16662 | D:12     | Gained mutation: You are highly strong-willed. (Will++)
                  | [Jiyva's grace]
 16662 | D:12     | Gained mutation: You are extremely strong-willed. (Will+++)
                  | [Jiyva's grace]
 16662 | D:12     | Gained mutation: Your body is covered in eyes which may
                  | confuse attackers. (Acc +7, SInv) [Jiyva's grace]
 16888 | D:12     | Reached ***** piety under Jiyva
 16927 | D:12     | Noticed a two-headed ogre
 16932 | D:12     | Killed a two-headed ogre
 16946 | D:12     | Learned a level 4 spell: Dispel Undead
 17637 | D:13     | Noticed a vault guard
 17637 | D:13     | Noticed a vault guard
 17637 | D:13     | Noticed a vault guard
 17638 | D:13     | Found a gate to the Vaults.
 17638 | D:13     | Noticed a vault guard
 17638 | D:13     | Noticed a vault guard
 17638 | D:13     | Noticed a vault guard
 17638 | D:13     | Noticed a vault guard
 17638 | D:13     | Noticed a vault guard
 17777 | Lair:1   | Entered Level 1 of the Lair of Beasts
 17937 | Lair:1   | Reached XP level 13. HP: 74/82 MP: 26/26
 18065 | Lair:1   | Found a frozen archway.
 18100 | IceCv    | Entered an ice cave
 18126 | IceCv    | Reached skill level 1 in Necromancy
 18143 | IceCv    | Reached skill level 2 in Necromancy
 18156 | IceCv    | Reached skill level 3 in Necromancy
 18278 | IceCv    | Identified the ring of Senue {Int+3 Dex+3 SInv}
 18318 | IceCv    | Noticed an ice dragon
 18327 | IceCv    | Reached skill level 4 in Necromancy
 18334 | IceCv    | Killed an ice dragon
 18343 | IceCv    | Identified the amulet "Wewoid" {RegenMP Rampage rF+ Dex-3}
 18658 | Lair:1   | Reached skill level 5 in Necromancy
 18839 | Lair:1   | Noticed Erica
 18848 | Lair:1   | Killed Erica
 19274 | Lair:2   | Reached skill level 5 in Ice Magic
 19298 | Lair:2   | Gained mutation: You expend magic power (3 MP) to
                  | strengthen your wands. [Jiyva's grace]
 19298 | Lair:2   | Gained mutation: Your system is resistant to poisons.
                  | (rPois) [Jiyva's grace]
 19298 | Lair:2   | Gained mutation: You possess an exceptional clarity of
                  | mind. [Jiyva's grace]
 19298 | Lair:2   | Gained mutation: You have sharp fingernails. [Jiyva's
                  | grace]
 19363 | Lair:2   | Identified the +4 spear of Success {flame, rN++ Will+}
 19393 | Lair:2   | Found a hole to the Spider Nest.
 19437 | Lair:2   | Reached skill level 6 in Necromancy
 19763 | Lair:2   | Reached skill level 7 in Necromancy
 20200 | Lair:2   | Learned a level 6 spell: Death Channel
 20499 | Lair:3   | Found a runed translucent gate.
 20500 | Lair:3   | Found a runed translucent gate.
 20502 | Lair:3   | Found a runed translucent gate.
 20549 | Lair:3   | Reached skill level 8 in Necromancy
 20710 | Lair:3   | Reached XP level 14. HP: 88/88 MP: 0/27
 20839 | Lair:3   | Found a staircase to the Shoals.
 20842 | Lair:3   | Reached skill level 9 in Necromancy
 21320 | Lair:3   | Found a viscous altar of Jiyva.
 21320 | Lair:3   | Noticed croobank's ghost (journeyman DgDe)
 21328 | Lair:3   | Killed croobank's ghost
 21329 | Lair:3   | Reached skill level 10 in Invocations
 21613 | Lair:4   | Found a viscous altar of Jiyva.
 21613 | Lair:4   | Found a staircase to the Slime Pits.
 21659 | Lair:4   | Reached skill level 10 in Necromancy
 21769 | Lair:4   | Lost mutation: Your body is covered in eyes which may
                  | confuse attackers. (Acc +7, SInv) [Jiyva's grace]
 21769 | Lair:4   | Gained mutation: Your flesh is cold resistant. (rC+)
                  | [Jiyva's grace]
 21769 | Lair:4   | Gained mutation: Your flesh is very cold resistant. (rC++)
                  | [Jiyva's grace]
 21769 | Lair:4   | Gained mutation: Your flesh is almost immune to the effects
                  | of cold. (rC+++) [Jiyva's grace]
 21769 | Lair:4   | Gained mutation: You are mostly covered in iridescent
                  | scales. (AC +4) [Jiyva's grace]
 22166 | Lair:4   | Identified the +0 scimitar of Indomitability {spect, Int+5
                  | Stlth+}
 22351 | Lair:5   | Entered Level 5 of the Lair of Beasts
 22581 | Lair:5   | Reached skill level 11 in Necromancy
 23340 | Lair:5   | Reached skill level 12 in Necromancy
 23384 | Lair:5   | Reached skill level 1 in Long Blades
 23384 | Lair:5   | Reached skill level 10 in Spellcasting
 23446 | Lair:5   | Found a burning altar of Makhleb.
 23452 | Lair:5   | Found a gateway to Hell.
 23660 | Lair:5   | Noticed Nessos
 23700 | Lair:5   | Killed Nessos
 23857 | Slime:1  | Entered Level 1 of the Pits of Slime
 23857 | Slime:1  | Noticed an azure jelly
 23873 | Slime:1  | Noticed an acid blob
 23951 | Slime:2  | Noticed an acid blob
 23957 | Slime:2  | Noticed an acid blob
 24160 | Slime:3  | Noticed an acid blob
 24265 | Slime:3  | Noticed an acid blob
 24381 | Slime:4  | Noticed an acid blob
 24431 | Slime:4  | Noticed an acid blob
 24605 | Slime:5  | Entered Level 5 of the Pits of Slime
 24633 | Slime:5  | Noticed a rockslime
 24650 | Slime:5  | Noticed an acid blob
 24651 | Slime:5  | Noticed an acid blob
 24657 | Slime:5  | Noticed an acid blob
 24677 | Slime:5  | Noticed an acid blob
 24700 | Slime:5  | Noticed an azure jelly
 24701 | Slime:5  | Noticed an azure jelly
 24703 | Slime:5  | Noticed an azure jelly
 24710 | Slime:5  | Noticed Dissolution
 24715 | Slime:5  | Noticed a rockslime
 24747 | Slime:5  | Noticed an azure jelly
 24751 | Slime:5  | Noticed an acid blob
 24759 | Slime:5  | Noticed a rockslime
 24762 | Slime:5  | Noticed the Royal Jelly
 24804 | Slime:5  | Found a viscous altar of Jiyva.
 24965 | Slime:5  | Noticed an acid blob
 25088 | Spider:1 | Entered Level 1 of the Spider Nest
 25109 | Spider:1 | Reached XP level 15. HP: 92/92 MP: 30/30
 25185 | Spider:1 | Reached skill level 5 in Long Blades
 25350 | Spider:1 | Gained mutation: You passively map a small area around you.
                  | [Jiyva's grace]
 25350 | Spider:1 | Gained mutation: You passively map the area around you.
                  | [Jiyva's grace]
 25350 | Spider:1 | Gained mutation: You passively map a large area around you.
                  | [Jiyva's grace]
 25350 | Spider:1 | Gained mutation: You have a small jelly attached to you
                  | that senses nearby items. [Jiyva's grace]
 25421 | Spider:1 | Blown up by an orb spider

Illustrated notes

Levels and vault maps discovered:
D:1:      dpeg_arrival_boxorama, layout_basic, minmay_lizard_pond
D:2:      layout_basic, minmay_crystal_water
D:3:      layout_basic, nicolae_ecumenical_snake_handling
D:4:      layout_cave_pods
D:5:      layout_cave_pools, portal_sewer_entry_c, minmay_increasing_density,
          uniq_crazy_yiuf_cottage
D:6:      layout_basic, lemuel_crystal_altar, minmay_temple_entry_water_ring,
          minivault_14, grunt_ministairs_9, nicolae_figureground_pulse,
          uniq_duvessa, uniq_maggie
D:7:      layout_basic
D:8:      gammafunk_boulding_lane, layout_basic, nicolae_overflow_hidden_temple,
          enter_bailey_6, uniq_psyche
D:9:      layout_loops_ring, serial_shops, shop_statue, grunt_decor_clamped
D:10:     nzn_winding_woodlands_cross [nzn_winding_woodlands_5x15_concentric,
          nzn_winding_woodlands_5x15_pockets, nzn_winding_woodlands_5x15_pool,
          nzn_winding_woodlands_5x15_cabin,
          nzn_winding_woodlands_15x15_eel_pit], layout_basic, old_standard_altar
D:11:     layout_layer_cave, orc_0_dummy
D:12:     layout_irregular_city, grunt_ministairs_11, kennysheep_generic_room_8
D:13:     layout_basic, erik_vaults_2, nicolae_tso_swordbearing_angel
Lair:1:   layout_roguey, portal_ice_cave_entry_ice_simulacra, lemuel_fruit_tree,
          uniq_erica
Lair:2:   layout_misc_corridors, spider_nest_entry_funnel_web,
          serial_bayou_lake_a
Lair:3:   onia_ninara_swampy_vault, layout_regular_city,
          elwin_shoals_entry_stream, gammafunk_ghost_ooze, st_stairs_10,
          nicolae_lair_run_with_the_wolves, infiniplex_staircase_pool_2
Lair:4:   beast_lair_carwin_large_2, layout_big_grid, slime_entry_1
Lair:5:   evil_forest, layout_misc_corridors, st_stairs_4, uniq_nessos
Spider:1: layout_cave_pods
Slime:1:  layout_caves, basic_altar
Slime:2:  layout_caves
Slime:3:  layout_caves
Slime:4:  layout_caves
Slime:5:  uniq_dissolution

Skill      XL: |  1  2  3  4  5  6  7  8  9 10 11 12 13 14 15 |
---------------+----------------------------------------------+-----
Air Magic      | 5 6 7 8 10 | 10.0
Fighting       | 3 6 8 9 10 | 10.1
Spellcasting   | 3 5 8 10 | 10.0
Translocations | 3 6 7 |  7.0
Evocations     | 4 7 8 |  8.0
Invocations    | 4 8 9 10 | 10.1
Ice Magic      | 4 6 |  6.4
Necromancy     | 8 12 | 12.0
Long Blades    | 4 6 |  6.7
Dodging        | |  2.1
Stealth        | |  2.0
Conjurations   | |  1.3

Action                     |  1- 3 |  4- 6 |  7- 9 | 10-12 | 13-15 || total
---------------------------+-------+-------+-------+-------+-------++-------
  Melee: Unarmed           |     2 |       |       |       |       ||     2
         Whip              |     7 |       |       |       |       ||     7
         Dagger            |     4 |       |       |       |       ||     4
         Kick              |     2 |     1 |     5 |    35 |   122 ||   165
         Peck              |     1 |     2 |     1 |    33 |    87 ||   124
         Short sword       |       |     8 |     3 |       |       ||    11
         Long sword        |       |       |    20 |    92 |   134 ||   246
         Punch             |       |       |       |     4 |     4 ||     8
         Staff             |       |       |       |       |     8 ||     8
         Scimitar          |       |       |       |       |    96 ||    96
  Throw: Throwing net      |       |       |       |     2 |       ||     2
         Boomerang         |       |       |       |     1 |       ||     1
   Cast: Shock             |    68 |   177 |    27 |       |       ||   272
         Airstrike         |       |       |   103 |   150 |   295 ||   548
         Poisonous Vapours |       |       |       |    50 |    54 ||   104
         Blink             |       |       |       |     2 |       ||     2
         Dispel Undead     |       |       |       |       |     8 ||     8
         Death Channel     |       |       |       |       |     6 ||     6
 Invoke: Oozemancy         |       |       |       |     8 |    10 ||    18
  Evoke: Wand              |       |       |     1 |     8 |     9 ||    18
         Tin of tremorston |       |       |       |     3 |     6 ||     9
         Lightning rod     |       |       |       |       |     1 ||     1
    Use: Scroll            |     1 |    10 |     4 |    10 |     7 ||    32
         Potion            |       |     1 |     2 |       |     6 ||     9
   Stab: Confused          |       |       |       |     2 |     7 ||     9
         Sleeping          |       |       |       |       |     2 ||     2
         Distracted        |       |       |       |       |     4 ||     4
 Armour: Robe              |     7 |       |       |       |       ||     7
         Leather armour    |     2 |    11 |    24 |     2 |       ||    39
         Steam dragon scal |       |       |       |    26 |   128 ||   154
  Dodge: Dodged            |    18 |    17 |    71 |    67 |   208 ||   381
  Block: Other             |       |     3 |    27 |    89 |   313 ||   432
         Reflection        |       |       |     1 |    19 |     9 ||    29
